Map: Inside and Out

Players

电脑难度(困难)

  • Race: Terran Terran

可乐按钮 - Winner!

  • Race: Terran Terran
  • League: Diamond

VOD

Have the link to the VOD?

Description

Time

  • Played on: Sept. 8, 2022, 11:43 a.m.
  • Length: 11:47
Show
View Real Time Build Order
Export as new Build Order

电脑难度(困难) Terran 

Build Orders:  

Get SALT Encoding   

  12  0:00  SCV  
  13  0:13  SCV  
  14  0:18  Supply Depot  
  14  0:25  SCV  
  15  0:40  SCV  
  15  0:42  Barracks  
  16  0:49  Refinery  
  16  0:52  SCV  
  17  1:04  SCV  
  18  1:16  SCV  
  19  1:20  Supply Depot  
  19  1:28  SCV  
  19  1:29  Marine  
  21  1:41  Barracks, Orbital Command  
  21  1:47  Marine  
  21  1:49  Refinery  
  22  2:09  Barracks Tech Lab, Supply Depot  
  22  2:26  Marine  
  23  2:35  Marine  
  24  2:39  Supply Depot  
  24  2:44  Marine  
  25  2:53  Marine  
  26  3:02  Marine  
  27  3:11  Marine  
  28  3:15  SCV, Supply Depot  
  29  3:20  Marauder  
  31  3:27  SCV  
  31  3:28  Marine, Engineering Bay  
  33  3:39  SCV  
  34  3:42  Marauder  
  34  3:46  Marine  
  37  3:51  SCV  
  38  4:03  Marine, SCV  
  38  4:06  Marine  
  41  4:16  SCV  
  42  4:21  Marauder  
  44  4:42  Marauder  
  46  5:04  Marauder  
  48  6:15  Barracks Tech Lab  
  48  6:16  Terran Infantry Weapons Level 1, Stimpack  
  48  6:18  Factory  
  48  6:20  Factory  
  48  6:22  Missile Turret  
  48  6:24  Command Center, Missile Turret  
  48  6:26  Supply Depot  
  48  6:28  Barracks  
  48  6:33  Combat Shield  
  48  6:44  Bunker  
  48  6:52  Supply Depot  
  46  7:01  Marine  
  46  7:03  Factory Tech Lab  
  46  7:05  Starport  
  31  7:08  Starport  
  31  7:09  Factory Tech Lab  
  31  7:10  Marine  
  32  7:18  Marine  
  33  7:27  Marine  
  34  7:36  Marine, SCV  
  36  7:38  SCV  
  36  7:40  Refinery  
  37  7:44  Marine  
  37  7:45  Missile Turret  
  37  7:47  Missile Turret  
  37  7:48  SCV  
  37  7:50  SCV  
  40  7:53  Marine  
  40  7:56  Refinery  
  41  8:00  SCV  
  41  8:01  Marine, Sensor Tower, Starport Tech Lab x2  
  41  8:02  SCV  
  44  8:07  Bunker  
  44  8:11  Terran Infantry Armor Level 1, Marauder  
  44  8:12  Armory  
  46  8:13  Concussive Shells, SCV  
  46  8:14  SCV  
  46  8:18  Marine  
  46  8:19  Raven  
  51  8:21  Raven  
  51  8:25  SCV  
  51  8:26  SCV  
  55  8:27  Siege Tank  
  58  8:36  Siege Tank  
  58  8:37  SCV  
  58  8:38  SCV, Barracks Reactor  
  63  8:49  SCV  
  63  8:50  SCV  
  65  8:59  Cyclone  
  65  9:01  SCV  
  70  9:02  SCV  
  70  9:13  SCV  
  70  9:14  SCV  
  72  10:26  Marine, Medivac x2  
  77  10:28  Supply Depot  
  77  10:30  Marine  
  77  10:32  Ghost Academy  
  77  10:34  Marine  
  79  10:36  Engineering Bay  
  79  10:39  Marine  
  79  10:40  Command Center, Fusion Core  
  80  10:44  Marine  
  80  10:49  Marauder  
  80  10:52  Cyclone  
  80  10:53  Supply Depot  
  80  10:56  Raven, Medivac  
  77  11:01  Marine  
  77  11:02  Marauder  
  65  11:05  Hellion  
  65  11:09  Marine  
  64  11:14  Marauder  
  11  11:41  Armory  
Show
View Real Time Build Order
Export as new Build Order

可乐按钮 Terran - Winner!

Build Orders: Liberator Opening, Reaper Expand 

Get SALT Encoding   

  12  0:00  SCV  
  13  0:12  SCV  
  14  0:17  Supply Depot  
  14  0:24  SCV  
  15  0:39  SCV  
  15  0:40  Barracks  
  16  0:44  Refinery  
  16  0:51  SCV  
  17  1:03  SCV  
  18  1:15  SCV  
  19  1:27  Orbital Command  
  19  1:28  Reaper  
  20  1:44  Command Center  
  20  1:52  Supply Depot  
  20  1:54  SCV  
  21  2:03  Marine  
  21  2:07  SCV  
  23  2:14  Factory  
  23  2:19  SCV  
  23  2:22  Refinery  
  24  2:28  Barracks Reactor  
  24  2:31  SCV  
  24  2:44  SCV  
  25  2:56  SCV  
  26  2:59  Starport, Factory Tech Lab  
  26  3:05  Marine, Orbital Command  
  26  3:06  Marine  
  28  3:13  SCV  
  28  3:17  Cyclone  
  32  3:23  Marine x2  
  32  3:25  SCV  
  35  3:36  SCV  
  35  3:37  SCV  
  37  3:43  Liberator  
  37  3:44  Marine x2  
  37  3:47  Supply Depot  
  42  3:56  SCV x2  
  44  4:09  Siege Tank  
  47  4:10  Supply Depot  
  47  4:17  Command Center  
  47  4:20  SCV x2  
  49  4:24  Marine x2  
  51  4:32  SCV  
  51  4:33  SCV  
  51  4:36  Starport Reactor  
  53  4:41  Siege Tank  
  53  4:44  Supply Depot  
  56  4:48  SCV  
  56  4:49  SCV  
  58  4:55  Barracks x2  
  58  4:59  Refinery  
  58  5:00  SCV  
  58  5:03  Refinery  
  59  5:08  Engineering Bay  
  59  5:10  Engineering Bay  
  56  5:25  Starport Reactor  
  56  5:26  SCV x2  
  58  5:29  Marine x2  
  58  5:32  Factory Tech Lab, Supply Depot  
  60  5:37  Terran Infantry Weapons Level 1  
  60  5:38  Terran Infantry Armor Level 1, SCV x2  
  62  5:43  Orbital Command  
  62  5:49  Marine x2  
  64  5:50  SCV x2  
  66  5:59  Supply Depot  
  66  6:02  SCV x2  
  66  6:03  Combat Shield  
  68  6:04  Marine  
  68  6:05  Marine  
  68  6:10  Siege Tank  
  73  6:18  Orbital Command  
  73  6:24  Barracks  
  73  6:25  Barracks  
  73  6:28  Barracks  
  73  6:37  Marine x5  
  78  6:41  SCV x2  
  78  6:42  Siege Tank  
  83  6:48  Medivac x2  
  83  6:53  SCV  
  88  6:54  Marine, Armory  
  86  7:06  Marine x4  
  81  7:12  Marine  
  82  7:16  Siege Tank  
  85  7:23  Barracks Reactor  
  85  7:24  Marine x4  
  85  7:27  Barracks Reactor  
  89  7:30  Marine  
  90  7:38  Supply Depot  
  90  7:40  Supply Depot  
  90  7:41  Marine, SCV x2  
  90  7:42  Marine x3  
  96  7:45  Refinery  
  96  7:53  SCV  
  96  7:55  Marine  
  96  7:57  Siege Tank  
  101  7:59  Barracks  
  101  8:00  Marine x4  
  101  8:01  Barracks  
  101  8:02  Stimpack  
  105  8:11  Terran Infantry Weapons Level 2  
  105  8:13  Marine  
  105  8:17  Marine x2  
  108  8:21  Terran Infantry Armor Level 2  
  108  8:26  Marine x3  
  111  8:27  Marine  
  111  8:29  Supply Depot  
  111  8:30  Supply Depot  
  112  8:35  SCV x2  
  112  8:41  Medivac  
  116  8:42  Marine  
  117  8:50  Marine x6  
  117  8:51  Marine x4, Medivac  
  129  8:59  Supply Depot x2  
  129  9:00  Marine  
  129  9:02  Siege Tank  
  133  9:20  Marine x8  
  133  9:21  Marine x3, Medivac  
  146  9:24  Supply Depot x2  
  146  9:34  Siege Tank  
  149  9:45  Marine x11  
  149  9:51  Supply Depot  
  149  9:52  Medivac x2, Supply Depot  
  164  10:03  Marine  
  165  10:12  Marine x5, Siege Tank  
  165  10:13  Marine x4  
  177  10:20  Marine  
  178  10:21  Marine  
  178  10:22  Supply Depot  
  178  10:23  Supply Depot  
  179  10:30  Marine x2  
  181  10:42  Marine  
  181  10:43  Marine x8  
  181  10:48  Marine x2  
  190  10:59  Marine  
  190  11:01  Marine x6  
Tags
 
Add a new tag
Caveats
  • Supply blocks, unpowered buildings, or Contaminate may cause inaccurate times.
  • Supply counts are checked every 10 seconds.